 Dungeon Crawl Stone Soup version 0.25.1-2-g60ff931df9 (webtiles) character file.

Game seed: 4502234753745904706

483 Curus the Basher (level 6, 0/53 HPs)
             Began as a Minotaur Fighter on Aug 13, 2020.
             Succumbed to an adder's poison
             ... on level 4 of the Dungeon.
             The game lasted 00:15:49 (3301 turns).

Curus the Basher (Minotaur Fighter)                 Turns: 3301, Time: 00:15:49

Health: 0/53       AC:  6    Str: 21    XL:     6   Next: 88%
Magic:  5/5        EV:  7    Int:  7    God:
Gold:   131        SH:  9    Dex:  9    Spells: 5/5 levels left

rFire    . . .     SeeInvis .   o - +0 morningstar (protect)
rCold    . . .     Gourm    .   c - +1 kite shield
rNeg     . . .     Faith    .   b - +0 scale mail
rPois    .         Spirit   .   (helmet restricted)
rElec    .         Reflect  .   (no cloak)
rCorr    .         Harm     .   (no gloves)
MR       .....                  (no boots)
Stlth    ..........             (no amulet)
HPRegen  0.17/turn              (no ring)
MPRegen  0.09/turn              (no ring)

@: mighty, lethally poisoned (0 -> -4), heavily drained
A: retaliatory headbutt, horns 2
a: no special abilities


You were on level 4 of the Dungeon.
You were not hungry.

You visited 1 branch of the dungeon, and saw 4 of its levels.

You collected 131 gold pieces.

Inventory:

Hand Weapons
 a - a +1 flail
 i - a +2 whip of draining
 o - a +0 morningstar of protection (weapon)
Armour
 b - a +0 scale mail (worn)
 c - a +1 kite shield (worn)
 m - a +2 buckler of cold resistance
Wands
 e - a wand of polymorph (8)
 h - a wand of iceblast (13)
Scrolls
 g - 5 scrolls of identify
 j - a scroll of teleportation
 k - a scroll of amnesia
Potions
 l - a potion of stabbing
Comestibles
 f - 7 rations
 n - 3 chunks of flesh


   Skills:
 + Level 4.5(3.2) Fighting
 - Level 14.0(12.4) Maces & Flails
 + Level 4.5(3.2) Armour
 - Level 3.6(2.4) Shields


You had 5 spell levels left.
You didn't know any spells.
Your spell library was empty.

Dungeon Overview and Level Annotations

Branches:
Dungeon (4/15)
 Temple: D:4-7

Altars:
Dithmenos
Sif Muna
Vehumet

Shops:
D:4 *

Annotations:
D:3 2 runed translucent doors, lllmatko's ghost, amateur MiBe
D:4 Grinder


Innate Abilities, Weirdness & Mutations

You reflexively headbutt those who attack you in melee.
You have a pair of horns on your head.


Message History

* * * LOW HITPOINT WARNING * * *
You are lethally poisoned!
The adder poisons you!
Your shield and scale mail prevent you from hitting the adder.
Your headbutt misses the adder.
* * * LOW HITPOINT WARNING * * *
You feel sick. The adder barely misses you.
You impale the adder!!
Your weapon exudes an aura of protection.
You kill the adder!
* * * LOW HITPOINT WARNING * * *
You feel sick.
Items here: ))) [[[
* * * LOW HITPOINT WARNING * * *
You feel sick.
You see here a ration.
f - 7 rations (gained 1)
* * * LOW HITPOINT WARNING * * *
You feel sick.
You die...

#######...#≈ ...
#....#....≈ ..
#.##.#....## #≈ #
.. #.#..#.....#
≈≈≈ #. .
#.[..#.$...##≈≈≈
#.. #
#<...#.......####
.#...#
#....#...........
......
#....##..@.#
......
#.....)..#..∩#
......
##############
.5.### .


There were no monsters in sight!

Vanquished Creatures
  3 wights (D:4)
  A hound (D:3)
  Jessica (D:2)
  4 gnolls (D:3)
  7 adders
  An ooze (D:1)
  3 worms
  A dart slug (D:1)
  2 leopard geckos
  An orc (D:3)
  2 giant cockroaches
  6 goblins
  8 hobgoblins
  5 jackals
  A quokka (D:2)
  8 bats
  14 frilled lizards
  10 kobolds
  A quokka skeleton (D:4)
  10 rats
89 creatures vanquished.

Notes
Turn   | Place    | Note
-------+----------+-------------------------------------------
     0 | D:1      | Curus the Minotaur Fighter began the quest for the Orb.
     0 | D:1      | Reached XP level 1. HP: 19/19 MP: 0/0
   138 | D:1      | Reached skill level 3 in Maces & Flails
   175 | D:1      | Reached XP level 2. HP: 21/26 MP: 1/1
   338 | D:1      | Reached skill level 4 in Maces & Flails
   533 | D:1      | Reached XP level 3. HP: 27/31 MP: 2/2
  1045 | D:2      | Noticed Jessica
  1055 | D:2      | Killed Jessica
  1055 | D:2      | Reached skill level 5 in Maces & Flails
  1203 | D:2      | Reached XP level 4. HP: 36/39 MP: 3/3
  1351 | D:2      | Found a radiant altar of Vehumet.
  1941 | D:3      | Found a shadowy altar of Dithmenos.
  1946 | D:3      | Reached skill level 6 in Maces & Flails
  2092 | D:3      | Reached skill level 14 in Maces & Flails
  2092 | D:3      | Reached XP level 5. HP: 45/45 MP: 4/4
  2358 | D:3      | Reached XP level 6. HP: 52/52 MP: 5/5
  2606 | D:3      | Found a shimmering blue altar of Sif Muna.
  3128 | D:3      | Found a large runed translucent door.
  3129 | D:3      | Found a large runed translucent door.
  3131 | D:3      | Noticed lllmatko's ghost (amateur MiBe)
  3227 | D:4      | Noticed Grinder
  3271 | D:4      | Found Timm's Lightly-Used Armoury.
  3296 | D:4      | HP: 2/53 [poisoned by an adder]
  3301 | D:4      | Succumbed to an adder's poison

Illustrated notes

Levels and vault maps discovered:
D:1:      psy_arrival_radial02, layout_loops_ring, minmay_lizard_pond
D:2:      layout_basic, vehumet_crystals, item_on_display_a, uniq_jessica
D:3:      minmay_bubble_buster, layout_loops_corners, lemuel_crystal_altar,
          ebering_ghost_disaster_area, nicolae_dithmenos_through_a_glass_darkly
D:4:      layout_basic, gup_sewer_entry_spiral, minivault_11, minivault_4,
          minivault_24, minmay_shop_damaged, uniq_grinder

Skill      XL: |  1  2  3  4  5  6 |
---------------+-------------------+-----
Maces & Flails | 3 4 5 14 | 14.0
Fighting       | 4 |  4.5
Armour         | 4 |  4.5
Shields        | |  3.6

Action                   |  1- 3 |  4- 6 || total
-------------------------+-------+-------++-------
Melee: Flail             |   106 |    99 ||   205
       Headbutt          |    13 |    22 ||    35
       Unarmed           |     5 |       ||     5
       Morningstar       |       |    27 ||    27
  Use: Scroll            |     4 |     7 ||    11
       Potion            |     1 |     6 ||     7
  Eat: Chunk             |     1 |     7 ||     8
Armor: Scale mail        |    40 |    41 ||    81
Dodge: Dodged            |    37 |    34 ||    71
Block: Kite shield       |    56 |    47 ||   103
